 Dungeon Crawl Stone Soup version 0.18.1-48-g4cf74bf (webtiles) character file.

194296 Gargoyl the Severer (level 17, -1/140 HPs)
             Began as a Demonspawn Abyssal Knight on July 20, 2016.
             Was the Champion of Lugonu.
             Killed from afar by Xtahua (28 damage)
             ... with a searing blast
             ... on level 2 of the Vaults.
             The game lasted 01:54:23 (32813 turns).

Gargoyl the Severer (Demonspawn Abyssal Knight)    Turns: 32813, Time: 01:54:23

Health: -1/140     AC: 34    Str: 31 (32) XL:     17   Next: 67%
Magic:  19/19      EV: 14    Int: 13      God:    Lugonu [******]
Gold:   2410       SH:  9    Dex: 12 (13) Spells: 0 memorised, 16 levels left

rFire  + . .     SeeInvis .     k - +9 war axe of Hacking and Slashing {chop, rN+ MR+}
rCold  + + .     Gourm    .     K - +3 plate armour {rC+}
rNeg   + . .     Faith    .     j - +3 buckler of the Abyss {Str+3}
rPois  +         Spirit   .     D - +2 hat {MR+}
rElec  +         Dismiss  .     I - +2 cloak
rCorr  +         Reflect  .     L - +2 pair of gloves
SustAt .         Harm     .     (no boots)
MR     +++..                    (no amulet)
Stlth  ..........               P - +4 ring of strength
                                E - +3 ring of evasion

@: mighty, about to teleport, resistant, extremely resistant to hostile
enchantments, extremely unstealthy
A: claws 1, thin metallic scales 3, demonic guardian 2, powered by pain 3
a: Depart the Abyss, Bend Space, Banish, Corrupt, Enter the Abyss, Brand Weapon
With Distortion, Renounce Religion
}: 1/15 runes: barnacled


You were on level 2 of the Vaults.
You worshipped Lugonu.
Lugonu was exalted by your worship.
You were not hungry.

You visited 6 branches of the dungeon, and saw 31 of its levels.
You visited the Abyss 1 time.
You also visited: Ossuary, Ice Cave and Volcano.

You collected 4403 gold pieces.
You spent 1993 gold pieces at shops.

Inventory:

Hand Weapons
 a - a +5 broad axe
 k - the +9 war axe of Hacking and Slashing (weapon) {chop, rN+ MR+}
   (You bought it in a shop on level 10 of the Dungeon)

   It inflicts extra damage upon your enemies.
   It protects you from negative energy.
   It affects your resistance to hostile enchantments.
 x - a +0 hand axe of flaming
Missiles
 q - 67 tomahawks (quivered)
Armour
 j - the +3 buckler of the Abyss (worn) {Str+3}
   (You acquired it on level 5 of the Lair of Beasts)

   It affects your strength (+3).
 o - the +2 buckler "Seubloafe" {rCorr}
   (You bought it in a shop on level 11 of the Dungeon)

   It protects you from acid and corrosion.
 D - a +2 hat of magic resistance (worn)
 I - a +2 cloak (worn)
 K - a +3 plate armour of cold resistance (worn)
 L - a +2 pair of gloves (worn)
Jewellery
 e - an uncursed amulet of regeneration
 g - an uncursed amulet of rage {unknown}
 r - a +6 amulet of reflection
 w - an uncursed ring of protection from cold
 y - an uncursed ring of protection from fire
 C - an uncursed ring of poison resistance
 E - a +3 ring of evasion (left hand)
 G - an uncursed ring of sustain attributes
 H - an uncursed ring of positive energy
 P - a +4 ring of strength (right hand)
 U - an uncursed ring of flight
Wands
 b - a wand of digging (13/24)
 v - a wand of acid (7/15)
 J - a wand of disintegration (18/24)
 V - a wand of teleportation (2/9)
 W - a wand of digging (18/24)
Scrolls
 i - 14 scrolls of remove curse
 m - 6 scrolls of teleportation
 u - 8 scrolls of recharging
 z - 6 scrolls of identify
 Q - 3 scrolls of fear
 Y - a scroll of silence
 Z - 2 scrolls of magic mapping
Potions
 d - a potion of ambrosia
 f - 10 potions of curing
 h - 4 potions of might
 n - 2 potions of resistance
 s - 4 potions of haste
 t - 2 potions of cancellation
 A - 5 potions of flight
 N - 3 potions of agility
 T - a potion of magic
Miscellaneous
 p - a phantom mirror
 R - a legendary deck of summoning {the Dance}
Comestibles
 c - 15 bread rations
 l - 19 meat rations


   Skills:
 + Level 14.6 Fighting
 + Level 16.8 Axes
 + Level 1.1 Throwing
 * Level 16.8 Armour
 + Level 5.9 Dodging
 + Level 3.0 Stealth
 + Level 8.6 Shields
 + Level 3.4 Invocations
 + Level 0.2 Evocations


You had 16 spell levels left.
You didn't know any spells.

Dungeon Overview and Level Annotations

Branches:
Dungeon (14/15)            Temple (0/1) D:7            Lair (8/8) D:8
 Shoals (4/4) Lair:6        Snake (0/4) Lair:4        Slime (0/6) Lair:7
    Orc (2/2) D:11            Elf (1/3) Orc:2        Vaults (2/5) D:14
  Crypt: Vaults:2-3

Altars:
Cheibriados
Elyvilon
Fedhas
Gozag
Makhleb
Nemelex Xobeh
Okawaru
Pakellas
Qazlal
Ru
Trog
Zin
Beogh
Jiyva

Shops:
D:4 (   D:10 *   D:11 :[(   D:12 }   Orc:2 **([(

Annotations:
D:12 1 exclusion
Vaults:2 Xtahua


Innate Abilities, Weirdness & Mutations

You have sharp fingernails.
You are completely covered in thin metallic scales (AC +4, rElec).
A demonic guardian rushes to your aid.
You are powered by pain.


Message History

You slash Xtahua!
Xtahua is heavily wounded.
You block Xtahua's attack. Xtahua completely misses you. Xtahua tramples you.
* * * LOW HITPOINT WARNING * * *
You stumble backwards!
Unknown command.
You hit Xtahua.
Xtahua is heavily wounded.
Xtahua breathes flames at you. The searing blast hits you! You resist.
* * * LOW HITPOINT WARNING * * *
Drink which item? (? for menu, Esc to quit)
You feel much better. Xtahua bites you but does no damage.
Xtahua claws you but does no damage. Xtahua tramples you but does no damage.
Read which item? (? for menu, Esc to quit)
As you read the scroll of teleportation, it crumbles to dust.
You feel strangely unstable. Xtahua breathes flames at you.
The searing blast hits you! You resist.
You die...

###########
#.........#
#.........#
#.........#
#.........# #######
#ยง..@D....# ##.....#
#...3.....# #...#...
##'############.###.#
#...## ##.#...#...
##########.##
#........>. #......#
##.## #..#...#...
#......###...##
#.###.###.#
+......##..<..#
#..#...#...
#......'....}##
#..........


You could see Xtahua and a friendly smoke demon.

Vanquished Creatures
  Frances (D:13)
  A kraken (Shoals:4)
  Ilsuiw (Shoals:4)
  A vault warden (Vaults:1)
  6 merfolk javelineers
  A great orb of eyes (Vaults:1)
  4 merfolk impalers
  Erolcha (D:13)
  2 ice dragons
  2 merfolk avatars
  4 hydras
  2 ogre magi (Vaults:1)
  3 centaur warriors
  2 satyrs
  4 merfolk aquamancers
  An orc high priest (Orc:2)
  4 dancing weapons (Elf:1)
  Urug (D:13)
  An iron troll (D:12)
  A fire crab (Vaults:1)
  2 deep elf knights
  2 wizards (D:14)
  2 deep trolls (D:12)
  11 sea snakes
  2 orange crystal statues
  4 ironbrand convokers (Vaults:1)
  A deep elf archer (Elf:1)
  17 harpies
  2 oklob plants (Lair:3)
  6 hill giants
  17 deep elf magi
  A necromancer (D:14)
  A wolf spider (Vaults:1)
  3 cyclopes
  14 ugly things
  6 griffons
  15 fauns
  An orc sorcerer (Orc:2)
  11 manticores
  5 elephants
  Maurice (D:11)
  3 water nymphs
  3 toenail golems (Volcano)
  3 ice statues
  9 black mambas
  A vault sentinel (Vaults:1)
  4 sirens
  12 spiny frogs
  3 rime drakes
  A yaktaur (Vaults:1)
  A kobold demonologist (D:13)
  8 komodo dragons
  24 merfolk
  6 trolls
  6 polar bears (Lair:8)
  A harpy skeleton (D:14)
  5 two-headed ogres (Vaults:1)
  11 blink frogs
  2 wind drakes
  A raiju (Lair:8)
  4 slime creatures (D:13)
  4 snapping turtles (Shoals:4)
  6 water elementals
  A vampire (D:14)
  A shadow (D:14)
  4 wraiths
  2 air elementals (Elf:1)
  A tarantella (shapeshifter) (D:14)
  2 basilisks
  3 wyverns
  28 yaks
  2 hogs (Lair:5)
  22 humans
  10 vampire mosquitoes
  Menkaure (D:4)
  10 hippogriffs
  11 wargs
  3 nagas (Lair:4)
  7 soldier ants
  6 hell hounds (Lair:8)
  20 water moccasins
  8 porcupines
  40 orc warriors
  2 sky beasts
  12 black bears (Lair:8)
  32 ice beasts
  21 ogres
  3 phantoms
  An eye of draining (D:8)
  A necrophage (D:12)
  18 wolves
  12 centaurs
  15 crocodiles
  4 big kobolds
  An elf zombie (Ossuary)
  2 gnoll sergeants
  9 giant frogs
  An earth elemental (Elf:1)
  A wyvern skeleton (D:12)
  A water moccasin skeleton (D:11)
  10 scorpions
  4 wights (D:11)
  11 killer bees
  2 electric eels (D:12)
  A howler monkey (D:6)
  7 crimson imps
  3 giant frog zombies
  4 centaur zombies
  2 giant frog skeletons
  4 jellies
  25 orc priests
  15 hounds
  3 human zombies (Ossuary)
  6 iguanas
  22 orc wizards
  27 worker ants
  2 big kobold zombies (Ossuary)
  49 sheep
  A hound skeleton (D:5)
  2 hound zombies (Ossuary)
  4 mummies
  12 adders
  14 gnolls
  A howler monkey skeleton (D:9)
  53 river rats
  4 shadow imps
  A white imp (Lair:5)
  4 oozes
  2 adder zombies (Ossuary)
  An adder skeleton (D:8)
  A worm (D:6)
  2 dart slugs
  6 giant geckos
  99 orcs
  A ball python (D:6)
  12 bats
  11 giant cockroaches
  2 gnoll zombies (Ossuary)
  7 goblins
  10 hobgoblins
  9 jackals
  5 quokkas
  A giant gecko skeleton (D:6)
  A giant gecko zombie (D:6)
  5 giant newts
  7 goblin zombies (Ossuary)
  6 hobgoblin zombies
  3 jackal zombies (Ossuary)
  11 kobolds
  2 kobold zombies (Ossuary)
  3 orc zombies
  2 quokka zombies (Ossuary)
  6 rats
  5 rat zombies (Ossuary)
  3 fungi
  22 plants
1141 creatures vanquished.

Vanquished Creatures (collateral kills)
  Saint Roka (Orc:2)
  Nikola (Elf:1)
  Jorgrun (Vaults:1)
  Kirke (Lair:5)
  An ironheart preserver (Vaults:1)
  A deep elf death mage (Elf:1)
  2 vault guards (D:14)
  Josephine (D:13)
  A merfolk javelineer (Shoals:4)
  3 merfolk impalers
  Fannar (D:11)
  3 merfolk avatars
  2 hydras
  An ice dragon (IceCv)
  An anaconda (Lair:4)
  2 merfolk aquamancers
  A dancing weapon (Elf:1)
  A satyr (Shoals:4)
  A queen ant (Lair:7)
  3 deep elf knights (Elf:1)
  2 hill giants
  A deep elf archer (Elf:1)
  2 orc knights
  7 ugly things
  An orc sorcerer (Orc:2)
  2 griffons
  10 harpies
  8 fauns
  2 deep elf magi (Elf:1)
  An oklob plant (Lair:5)
  A hornet (Vaults:1)
  A cyclops (Vaults:1)
  2 sirens
  A vault sentinel (Vaults:1)
  10 elephants
  A gargoyle (D:12)
  5 black mambas
  2 spiny frogs
  A yaktaur (Vaults:1)
  10 merfolk
  4 trolls
  2 polar bears (Lair:8)
  A two-headed ogre (Orc:1)
  2 raiju (Lair:8)
  A snapping turtle (Shoals:4)
  5 blink frogs
  A water elemental (Shoals:2)
  15 yaks
  2 humans (D:14)
  A hippogriff (D:8)
  A hog (Lair:5)
  A fire elemental (Elf:1)
  A vampire mosquito (Vaults:1)
  A warg (Lair:8)
  2 soldier ants (Lair:7)
  8 water moccasins
  A black bear (Lair:8)
  8 orc warriors
  2 ice beasts (Lair:5)
  5 wolves
  2 centaurs (D:11)
  2 crocodiles
  3 big kobolds
  A wyvern zombie (D:12)
  5 killer bees
  A wight (D:11)
  2 crimson imps
  A hound (D:7)
  6 jellies (Lair:5)
  2 orc priests
  4 orc wizards
  6 worker ants (Lair:7)
  2 sheep (D:12)
  8 oozes (Lair:5)
  8 orcs
  A kobold (D:13)
  A plant (Lair:6)
218 creatures vanquished.

Vanquished Creatures (others)
  A hydra (D:12)
  A raiju (Lair:8)
  4 centaurs (D:13)
  A bush (D:12)
  8 fungi
  33 plants
  4 tentacles (Shoals:4)
  27 tentacle segments (Shoals:4)
79 creatures vanquished.

Grand Total: 1438 creatures vanquished

Notes
Turn   | Place    | Note
--------------------------------------------------------------
     0 | Abyss:1  | Gargoyl the Demonspawn Abyssal Knight began the quest for the Orb.
     0 | Abyss:1  | Reached XP level 1. HP: 18/18 MP: 2/2
    62 | Abyss:1  | Noticed a quasit
    69 | Abyss:1  | Noticed a large abomination
    80 | Abyss:1  | Found a corrupted altar of Lugonu.
    92 | D:1      | Escaped the Abyss
   105 | D:1      | Reached skill level 1 in Dodging
   194 | D:1      | Gained mutation: You sometimes gain a little power by taking damage. [demonic ancestry]
   194 | D:1      | Reached XP level 2. HP: 21/24 MP: 3/3
   209 | D:1      | Reached * piety under Lugonu
   842 | D:2      | Gained mutation: You are partially covered in thin metallic scales (AC +2). [demonic ancestry]
   842 | D:2      | Reached XP level 3. HP: 25/29 MP: 3/5
  1195 | D:2      | Reached ** piety under Lugonu
  1400 | D:2      | Gained mutation: You have sharp fingernails. [demonic ancestry]
  1400 | D:2      | Reached XP level 4. HP: 36/36 MP: 6/6
  1735 | D:3      | Noticed a sky beast
  1763 | D:3      | Killed a sky beast
  1763 | D:3      | Reached XP level 5. HP: 39/42 MP: 7/7
  2049 | D:3      | Found an opulent altar of Gozag.
  2480 | D:4      | Reached XP level 6. HP: 18/48 MP: 8/8
  2594 | D:4      | Reached *** piety under Lugonu
  2671 | D:4      | Noticed Menkaure
  2683 | D:4      | Killed Menkaure
  2739 | D:4      | Found a sacrificial altar of Ru.
  2769 | D:4      | Found a blossoming altar of Fedhas.
  3065 | D:4      | Gained mutation: A weak demonic guardian rushes to your aid. [demonic ancestry]
  3065 | D:4      | Reached XP level 7. HP: 21/55 MP: 9/9
  3138 | D:4      | Found Sivymufuj's Antique Weapon Boutique.
  3316 | D:5      | Entered Level 5 of the Dungeon
  3358 | D:5      | Reached skill level 5 in Armour
  3595 | D:5      | Found a stormy altar of Qazlal.
  3801 | D:5      | Reached skill level 5 in Fighting
  3933 | D:5      | Found a snail-covered altar of Cheibriados.
  4292 | D:6      | Found an iron altar of Okawaru.
  4312 | D:6      | Reached **** piety under Lugonu
  4509 | D:6      | Found a bloodstained altar of Trog.
  4514 | D:6      | Found an opulent altar of Gozag.
  4519 | D:6      | Found a white marble altar of Elyvilon.
  4729 | D:6      | Gained mutation: A demonic guardian rushes to your aid. [demonic ancestry]
  4729 | D:6      | Reached XP level 8. HP: 62/62 MP: 10/10
  4828 | D:6      | Found a burning altar of Makhleb.
  4839 | D:6      | Found a glowing silver altar of Zin.
  4839 | D:6      | Noticed an angel
  4840 | D:6      | Noticed an Executioner
  4846 | D:6      | Found a white marble altar of Elyvilon.
  5160 | D:7      | Found a sand-covered staircase.
  5242 | Ossuary  | Entered an ossuary
  5427 | Ossuary  | Reached ***** piety under Lugonu
  5730 | D:7      | Found a sparkling altar of Nemelex Xobeh.
  5975 | D:7      | Reached skill level 5 in Axes
  6006 | D:7      | Found a staircase to the Ecumenical Temple.
  6513 | D:8      | Reached XP level 9. HP: 71/71 MP: 9/11
  6683 | D:8      | Found a staircase to the Lair.
  7594 | D:9      | Found an oddly glowing altar of Pakellas.
  7714 | D:9      | Found a blossoming altar of Fedhas.
  7835 | D:10     | Entered Level 10 of the Dungeon
  7841 | D:10     | Noticed a hill giant
  7847 | D:10     | Killed a hill giant
  8101 | D:10     | Reached XP level 10. HP: 66/79 MP: 12/12
  8113 | D:10     | Reached ****** piety under Lugonu
  8341 | D:10     | Found Neusas's Assorted Antiques.
  8350 | D:10     | Bought a twisted war axe for 272 gold pieces
  8352 | D:10     | Identified the +9 war axe of Hacking and Slashing {chop, rN+ MR+} (You bought it in a shop on level 10 of the Dungeon)
  8433 | D:10     | Noticed a hill giant
  8442 | D:10     | Killed a hill giant
  8442 | D:10     | Reached skill level 1 in Throwing
  8830 | D:11     | Found Uqanog's Weapon Shoppe.
  8833 | D:11     | Found a staircase to the Orcish Mines.
  8840 | D:11     | Found Ileath's Armour Shoppe.
  8842 | D:11     | Reached skill level 1 in Stealth
  9073 | D:11     | Noticed Fannar
  9083 | D:11     | Killed Fannar
  9128 | D:11     | Bought a +0 pair of gloves for 45 gold pieces
  9128 | D:11     | Bought a cursed +0 pair of gloves for 15 gold pieces
  9128 | D:11     | Bought a +0 pair of gloves for 45 gold pieces
  9334 | D:11     | Found Cuenerph's Book Emporium.
  9379 | D:11     | Noticed Maurice
  9388 | D:11     | Killed Maurice
  9388 | D:11     | Reached skill level 10 in Armour
  9619 | D:11     | Got an encrusted chain mail
  9620 | D:11     | Identified the cursed +0 chain mail of Ykiydd {MR+ MP+9} (You found it on level 11 of the Dungeon)
  9791 | D:12     | Found a runed door.
  9877 | D:12     | Reached XP level 11. HP: 79/86 MP: 13/13
  9932 | D:12     | Noticed a deep elf mage
  9946 | D:12     | Killed a deep elf mage
 10024 | D:12     | Noticed a red ugly thing
 10026 | D:12     | Noticed a white ugly thing
 10039 | D:12     | Killed a white ugly thing
 10044 | D:12     | Killed a white ugly thing
 10097 | D:12     | Gained mutation: You tend to lose your temper in combat. [mutagenic meat]
 10098 | D:12     | Gained mutation: Your movements are slightly less encumbered by armour (ER -2). [mutagenic meat]
 10099 | D:12     | Gained mutation: You have an increased reservoir of magic (+10% MP). [mutagenic meat]
 10100 | D:12     | Lost mutation: Your movements are slightly less encumbered by armour (ER -2). [mutagenic meat]
 10101 | D:12     | Gained mutation: Scrolls take you a little longer to read. [mutagenic meat]
 10102 | D:12     | Gained mutation: Your skin changes colour to match your surroundings (Stealth). [mutagenic meat]
 10108 | D:12     | Gained mutation: Your flesh is cold resistant. [potion of beneficial mutation]
 10110 | D:12     | Gained mutation: You are mostly covered in thin metallic scales (AC +3). [potion of beneficial mutation]
 10200 | D:12     | Found a runed door.
 10761 | D:12     | Noticed a green ugly thing
 10769 | D:12     | Killed a green ugly thing
 10780 | D:12     | Gained mutation: You are weak. (Str -2) [mutagenic meat]
 10823 | D:12     | Found Ruywk's Gadget Shop.
 10900 | D:12     | Noticed a three-headed hydra
 10906 | D:12     | Banished a four-headed hydra
 11229 | D:12     | Noticed a hill giant
 11236 | D:12     | Killed a hill giant
 11283 | D:12     | Noticed a deep troll
 11283 | D:12     | Noticed an iron troll
 11283 | D:12     | Noticed a deep troll
 11287 | D:12     | Killed a deep troll
 11292 | D:12     | Killed a deep troll
 11297 | D:12     | Killed an iron troll
 11297 | D:12     | Reached skill level 10 in Axes
 11373 | Orc:1    | Entered Level 1 of the Orcish Mines
 11629 | Orc:1    | Gained mutation: You sometimes gain power by taking damage. [demonic ancestry]
 11629 | Orc:1    | Reached XP level 12. HP: 96/96 MP: 16/16
 11785 | Orc:1    | Found a roughly hewn altar of Beogh.
 12002 | Orc:2    | Entered Level 2 of the Orcish Mines
 12211 | Orc:2    | Found a staircase to the Elven Halls.
 12251 | Orc:2    | Found a roughly hewn altar of Beogh.
 12252 | Orc:2    | Found Xonenk's General Store.
 12276 | Orc:2    | Bought a scroll of enchant weapon for 112 gold pieces
 12298 | Orc:2    | Found a roughly hewn altar of Beogh.
 12300 | Orc:2    | Found Ycuthy's General Store.
 12772 | Orc:2    | Found Ohouwamn's Antique Weapon Emporium.
 12853 | Orc:2    | Found a roughly hewn altar of Beogh.
 12914 | Orc:2    | Found a roughly hewn altar of Beogh.
 12948 | Orc:2    | Found a roughly hewn altar of Beogh.
 13005 | Orc:2    | Bought a glowing war axe for 108 gold pieces
 13053 | Orc:2    | Found a roughly hewn altar of Beogh.
 13122 | Orc:2    | Found a roughly hewn altar of Beogh.
 13231 | Orc:2    | Noticed an orc high priest
 13305 | Orc:2    | Noticed Saint Roka
 13412 | Orc:2    | Killed Saint Roka
 13412 | Orc:2    | Reached skill level 10 in Fighting
 13567 | Orc:2    | Killed an orc high priest
 13569 | Orc:2    | Found Vonaum's Antique Weapon Boutique.
 13584 | Orc:2    | Found a roughly hewn altar of Beogh.
 13587 | Orc:2    | Found Pusiw's Antique Armour Shop.
 13601 | Orc:2    | Bought a glowing plate armour for 690 gold pieces
 13601 | Orc:2    | Bought a shiny buckler for 135 gold pieces
 13739 | D:11     | Bought the +2 buckler "Seubloafe" {rCorr} for 271 gold pieces
 13802 | Lair:1   | Entered Level 1 of the Lair of Beasts
 14578 | Orc:2    | Bought an uncursed ring of poison resistance for 300 gold pieces
 14935 | Lair:2   | Noticed a seven-headed hydra
 14941 | Lair:2   | Killed a six-headed hydra
 15562 | Lair:2   | Gained mutation: You are completely covered in thin metallic scales (AC +4, rElec). [demonic ancestry]
 15562 | Lair:2   | Reached XP level 13. HP: 97/104 MP: 17/17
 16691 | Lair:3   | Reached skill level 1 in Shields
 16866 | Lair:4   | Identified a scroll of acquirement
 17139 | Lair:4   | Found a staircase to the Snake Pit.
 17327 | Lair:4   | Found a dark tunnel.
 17414 | Volcano  | Entered a volcano
 18357 | Lair:5   | Reached skill level 5 in Dodging
 18803 | Lair:5   | Noticed Kirke
 18810 | Lair:5   | Killed Kirke
 19079 | Lair:6   | Reached XP level 14. HP: 88/113 MP: 18/18
 19304 | Lair:6   | Lost mutation: You are weak. (Str -2) [potion of cure mutation]
 19304 | Lair:6   | Lost mutation: Scrolls take you a little longer to read. [potion of cure mutation]
 19304 | Lair:6   | Lost mutation: You tend to lose your temper in combat. [potion of cure mutation]
 19304 | Lair:6   | Lost mutation: Your flesh is cold resistant. [potion of cure mutation]
 19304 | Lair:6   | Lost mutation: Your skin changes colour to match your surroundings (Stealth). [potion of cure mutation]
 19489 | Lair:5   | Got an ancient buckler
 19490 | Lair:5   | Identified the +3 buckler of the Abyss {Str+3} (You acquired it on level 5 of the Lair of Beasts)
 19722 | Lair:6   | Found a staircase to the Shoals.
 20106 | Lair:6   | Gained mutation: Armour fits poorly on your strangely shaped body. [potion of mutation]
 20106 | Lair:6   | Gained mutation: You are weak. (Str -2) [potion of mutation]
 20107 | Lair:6   | Gained mutation: You have sharp toenails. [potion of mutation]
 20108 | Lair:6   | Gained mutation: You are somewhat resistant to further mutation. [potion of mutation]
 20472 | Lair:7   | Found a staircase to the Slime Pits.
 20472 | Lair:7   | Found a viscous altar of Jiyva.
 21122 | Lair:8   | Entered Level 8 of the Lair of Beasts
 21625 | Lair:8   | Reached skill level 5 in Shields
 21800 | Lair:8   | Lost mutation: You have an increased reservoir of magic (+10% MP). [potion of cure mutation]
 21800 | Lair:8   | Lost mutation: Armour fits poorly on your strangely shaped body. [potion of cure mutation]
 21800 | Lair:8   | Lost mutation: You have sharp toenails. [potion of cure mutation]
 21800 | Lair:8   | Lost mutation: You are weak. (Str -2) [potion of cure mutation]
 21800 | Lair:8   | Lost mutation: You are somewhat resistant to further mutation. [potion of cure mutation]
 22626 | Elf:1    | Entered Level 1 of the Elven Halls
 22710 | Elf:1    | Gained mutation: You are powered by pain. [demonic ancestry]
 22710 | Elf:1    | Reached XP level 15. HP: 88/121 MP: 17/17
 23422 | Elf:1    | Noticed Nikola
 23441 | Elf:1    | Killed Nikola
 23957 | Shoals:1 | Entered Level 1 of the Shoals
 23971 | Shoals:1 | Reached skill level 15 in Armour
 25429 | Shoals:2 | Reached skill level 15 in Axes
 25652 | Shoals:2 | You fall through a shaft!
 25776 | Shoals:3 | Reached XP level 16. HP: 126/130 MP: 18/18
 26694 | Shoals:4 | Entered Level 4 of the Shoals
 26717 | Shoals:4 | Noticed Ilsuiw
 27058 | Shoals:4 | Killed Ilsuiw
 28228 | Shoals:4 | Got a barnacled rune of Zot
 28610 | Shoals:4 | Noticed a kraken
 28621 | Shoals:4 | Killed a kraken
 29133 | D:13     | Found a frozen archway.
 29164 | IceCv    | Entered an ice cave
 29384 | IceCv    | Got a sparkling brass amulet
 29388 | IceCv    | Got a vibrating zirconium amulet
 29406 | IceCv    | Identified the amulet "Eloresi" {Reflect *Drain +Inv +Fly Int+7 SH+4} (You found it in an ice cave)
 29412 | IceCv    | Identified the amulet "Orrakk" {Reflect +Fly rN++ Int+8 Dex-5 SH+6} (You found it in an ice cave)
 29895 | D:13     | Noticed Josephine
 29901 | D:13     | Reached XP level 17. HP: 138/138 MP: 19/19
 29905 | D:13     | Killed Josephine
 29947 | D:13     | Noticed Erolcha
 29961 | D:13     | Killed Erolcha
 30103 | D:13     | Noticed Urug
 30125 | D:13     | Killed Urug
 30153 | D:13     | Noticed Frances
 30166 | D:13     | Killed Frances
 31227 | D:14     | Found a gate to the Vaults.
 31266 | Vaults:1 | Entered Level 1 of the Vaults
 31788 | Vaults:1 | Noticed Jorgrun
 31795 | Vaults:1 | Killed Jorgrun
 32795 | Vaults:2 | Noticed Xtahua
 32811 | Vaults:2 | HP: 2/140 [Xtahua/searing blast (36)]
 32813 | Vaults:2 | Killed from afar by Xtahua

Skill      XL: |  1  2  3  4  5  6  7  8  9 10 11 12 13 14 15 16 17 |
---------------+----------------------------------------------------+-----
Dodging        | 1 2 3 4 5 |  5.9
Axes           | 2 3 5 6 8 10 11 12 14 15 16 | 16.8
Armour         | 2 3 4 5 7 8 10 11 12 13 14 15 16 | 16.8
Fighting       | 4 5 6 7 8 9 10 11 12 13 14 | 14.6
Throwing       | 1 |  1.1
Stealth        | 1 2 3 |  3.0
Invocations    | 3 |  3.4
Shields        | 3 5 6 7 8 |  8.6
Evocations     | |  0.2

Action                   |  1- 3 |  4- 6 |  7- 9 | 10-12 | 13-15 | 16-18 || total
-------------------------+-------+-------+-------+-------+-------+-------++-------
Melee: Hand axe          |   129 |   229 |   548 |     1 |    33 |       ||   940
       War axe           |       |       |    83 |   727 |  1347 |   880 ||  3037
       Broad axe         |       |       |   150 |    14 |       |       ||   164
       Kick              |       |       |       |       |   106 |       ||   106
Throw: Tomahawk          |       |       |     2 |     1 |     3 |     2 ||     8
Invok: Depart the Abyss  |     1 |       |       |       |       |       ||     1
       Bend Space        |       |       |     1 |       |       |       ||     1
       Banish            |       |       |       |     1 |       |       ||     1
Evoke: Wand              |       |       |       |       |     1 |       ||     1
  Use: Scroll            |     3 |       |     9 |    22 |    18 |     8 ||    60
       Potion            |       |     3 |     2 |    10 |    15 |     6 ||    36
 Stab: Distracted        |       |       |       |     4 |     6 |     3 ||    13
  Eat: Chunk             |     2 |     6 |    11 |    21 |       |       ||    40
       Fruit             |       |       |     3 |    12 |     4 |     5 ||    24
       Bread ration      |       |       |     1 |       |       |     2 ||     3
       Royal jelly       |       |       |       |     1 |     8 |     5 ||    14
       Beef jerky        |       |       |       |     1 |     3 |       ||     4
       Pizza             |       |       |       |       |     8 |     2 ||    10
Armor: Ring mail         |    54 |       |       |       |       |       ||    54
       Chain mail        |    82 |   162 |   399 |       |       |       ||   643
       Skin              |       |    21 |     7 |       |       |       ||    28
       Plate armour      |       |       |   120 |   528 |   847 |   523 ||  2018
Dodge: Dodged            |    90 |   100 |   350 |   427 |   762 |   492 ||  2221
Block: Buckler           |       |       |       |    37 |   547 |   383 ||   967
       Reflection        |       |       |       |       |       |    12 ||    12
